 Dungeon Crawl Stone Soup version 0.30-a0-145-g03d90e2e6d (webtiles) character file.

Game seed: 2701620350350581032

1464 qw the Cleaver (level 8, -8/51 HPs)
             Began as a Gargoyle Fighter on Sept 26, 2022.
             Was an Initiate of Okawaru.
             Mangled by Prince Ribbit (14 damage)
             ... on level 5 of the Dungeon.
             The game lasted 00:02:32 (6620 turns).

qw the Cleaver (Gargoyle Fighter)                   Turns: 6620, Time: 00:02:32

Health: -8/51      AC: 15    Str: 22    XL:     8   Next: 77%
Magic:  8/8        EV:  9    Int:  9    God:    Okawaru [......]
Gold:   164        SH:  4    Dex:  9    Spells: 7/7 levels left

rFire   . . .      SeeInvis .    Y - +1 broad axe
rCold   . . .      Faith    .    c - +0 buckler
rNeg    + . .      Spirit   .    b - +0 scale mail
rPois   inf        Reflect  .    (no helmet)
rElec   +          Harm     .    n - +0 cloak
rCorr   .          Rampage  .    (no gloves)
Will    +....                    p - +1 pair of boots
Stlth   ..........               (no amulet)
HPRegen 0.17/turn                m - ring of willpower
MPRegen 0.11/turn                (no ring)

@: no status effects
A: sickness immunity, AC +5, negative energy resistance 1, electricity
resistance, torment resistance 1, petrification resistance
a: Renounce Religion


You were on level 5 of the Dungeon.
You worshipped Okawaru.
Okawaru was noncommittal.
You visited 2 branches of the dungeon, and saw 6 of its levels.
You also visited: Ossuary.

You collected 164 gold pieces.


Innate Abilities, Weirdness & Mutations

You are immune to sickness and miasma.
Your stone body is resilient. (AC +5)
You are immune to poison.
You resist negative energy. (rN+)
You are resistant to electric shocks. (rElec)
You are resistant to unholy torment.
You are immune to petrification.


   Skills:
 - Level 6.0 Fighting
 + Level 8.8 Axes
 - Level 3.2 Armour
 - Level 1.0 Dodging
 - Level 3.2 Shields


You had 7 spell levels left.
You didn't know any spells.
Your spell library was empty.

Inventory:

Hand Weapons
 a - a +0 flail
 Y - a +1 broad axe (weapon)
Armour
 b - a +0 scale mail (worn)
 c - a +0 buckler (worn)
 n - a +0 cloak (worn)
 p - a +1 pair of boots (worn)
Jewellery
 m - a ring of willpower (left hand)
Scrolls
 h - 2 scrolls of identify
Potions
 d - a potion of might
 e - a potion of lignification
 f - 2 potions of cancellation
 i - a potion of flight {unknown}
 l - 2 potions of haste
 o - 6 potions of curing
 r - a potion of heal wounds {unknown}

Dungeon Overview and Level Annotations

Branches:
Dungeon (5/15)             Temple (1/1) D:4         Ossuary (visited)

Altars:
Ashenzari
Makhleb
Nemelex Xobeh
Okawaru
Ru
Trog
Uskayaw
Wu Jian

Annotations:
D:5 1 runed translucent door, Crazy Yiuf, Prince Ribbit


Message History

Prince Ribbit hits you!
You barely miss Prince Ribbit.
Prince Ribbit is heavily wounded.
Prince Ribbit blinks!
You barely miss Prince Ribbit.
Prince Ribbit is heavily wounded.
Prince Ribbit hits you!
Prince Ribbit hits you but does no damage.
You barely miss Prince Ribbit.
Prince Ribbit is heavily wounded.
You block Prince Ribbit's attack. Prince Ribbit barely misses you.
You slash Prince Ribbit!
Prince Ribbit is almost dead.
Prince Ribbit hits you.
Prince Ribbit blinks!
Prince Ribbit blinks!
Prince Ribbit blinks!
You closely miss Prince Ribbit.
Prince Ribbit is almost dead.
Prince Ribbit says, "You're just another fly to me."
Prince Ribbit hits you.
Prince Ribbit hits you but does no damage.
You barely miss Prince Ribbit.
Prince Ribbit is almost dead.
Prince Ribbit hits you but does no damage.
Prince Ribbit lets out a mournful croak.
Prince Ribbit hits you.
You barely miss Prince Ribbit.
Prince Ribbit is almost dead.
Prince Ribbit closely misses you.
You closely miss Prince Ribbit.
Prince Ribbit is almost dead.
Prince Ribbit hits you. Prince Ribbit hits you!
You barely miss Prince Ribbit.
Prince Ribbit is almost dead.
Prince Ribbit hops awkwardly around.
Prince Ribbit blinks!
You hit Prince Ribbit.
Prince Ribbit is almost dead.
Prince Ribbit hits you!
You die...

#...###....##......#
#...#......##......#
###.........#....#+#
#.#######.####))..
#.# .# #)).. #.#
#.####.... ###'####
#......... #..)ยค..#
######.... #..@...#
#....... #..F...#
#....... #......#
####....... #......#
#.......... #......#
#.......... #......#
#....#...## #......#
#....#...## #......#
#....#...##
#....#...##


You could see Prince Ribbit.

Vanquished Creatures
  Sigmund (D:4)
  Edmund (D:5)
  A water moccasin (D:5)
  2 phantoms (D:4)
  Blork the orc (D:5)
  An elf zombie (Ossuary)
  A troll zombie (Ossuary)
  A howler monkey (D:5)
  A vampire bat (D:3)
  3 hounds (D:5)
  2 centaur zombies (Ossuary)
  A jelly (D:4)
  A human zombie (Ossuary)
  Ijyb (D:3)
  An orc wizard (D:3)
  2 ogre zombies (Ossuary)
  7 mummies (Ossuary)
  11 gnolls
  3 adder zombies (Ossuary)
  A worm (D:4)
  5 dart slugs
  3 fire bats (D:3)
  4 orcs
  2 spectral bats (D:3)
  8 ball pythons
  13 bats
  3 bat skeletons (D:3)
  A bat zombie (D:3)
  3 endoplasms (D:1)
  2 giant cockroaches (D:2)
  11 goblins
  7 hobgoblins
  9 jackals (D:2)
  3 quokkas
  A bat simulacrum (D:3)
  3 frilled lizards
  A gnoll zombie (Ossuary)
  2 goblin zombies (Ossuary)
  5 hobgoblin zombies (Ossuary)
  5 kobolds
  3 kobold zombies (Ossuary)
  5 quokka zombies (Ossuary)
  3 rats
  4 rat zombies (Ossuary)
  A spectral goblin (D:1)
150 creatures vanquished.

Vanquished Creatures (others)
  5 plants (D:5)
5 creatures vanquished.

Grand Total: 155 creatures vanquished

Notes
Turn   | Place    | Note
-------+----------+-------------------------------------------
     0 | D:1      | qw the Gargoyle Fighter began the quest for the Orb.
     0 | D:1      | Reached XP level 1. HP: 14/14 MP: 1/1
     0 | D:1      | 0 ||| qw: Version: 0.2-a-10-g399e6c4
     0 | D:1      | 0 ||| qw: Game counter: 515
     0 | D:1      | 0 ||| qw: Always use a shield: true
     0 | D:1      | 0 ||| qw: God list: Okawaru
     0 | D:1      | 0 ||| qw: Allow faded altars: false
     0 | D:1      | 0 ||| qw: Do Orc after D:15 true
     0 | D:1      | 0 ||| qw: Do second Lair branch before Depths: true
     0 | D:1      | 0 ||| qw: Lair rune preference: random
     0 | D:1      | 0 ||| qw: Plans: Normal, Zot:1-4, God:TSO, Crypt, Tomb,
                  | Pan, Slime:5, Hells, Abyss, Orb
     0 | D:1      | 0 ||| PLANNING D:1-11
    14 | D:1      | 14 ||| Stepping ~*~*~tactically~*~*~ (stealth).
    26 | D:1      | Reached skill level 2 in Axes
    95 | D:1      | Found a faded altar of an unknown god.
   151 | D:1      | Reached XP level 2. HP: 19/19 MP: 2/2
   376 | D:1      | Reached skill level 3 in Axes
   409 | D:1      | 409 ||| Stepping ~*~*~tactically~*~*~ (stealth).
   410 | D:1      | 410 ||| Stepping ~*~*~tactically~*~*~ (stealth).
   419 | D:1      | Reached XP level 3. HP: 23/23 MP: 3/3
   439 | D:1      | 439 ||| Stepping ~*~*~tactically~*~*~ (stealth).
   463 | D:1      | 463 ||| Stepping ~*~*~tactically~*~*~ (hiding).
   815 | D:1      | 815 ||| READING scroll labelled FAEBIM TOSUIDD.
   816 | D:1      | 816 ||| READING scroll labelled BEIROI MEUSS.
   863 | D:1      | 863 ||| READING 2 scrolls labelled ACOASAILEA.
   864 | D:1      | 864 ||| DRINKING 3 bubbling blue potions.
   865 | D:1      | 865 ||| DROPPING scroll of blinking.
   933 | D:2      | 933 ||| Stepping ~*~*~tactically~*~*~ (stealth).
  1048 | D:2      | 1048 ||| SWAPPING to +0 broad axe.
  1080 | D:2      | 1080 ||| DROPPING +0 war axe.
  1131 | D:2      | 1131 ||| Stepping ~*~*~tactically~*~*~ (stealth).
  1132 | D:2      | 1132 ||| Stepping ~*~*~tactically~*~*~ (stealth).
  1133 | D:2      | 1133 ||| Stepping ~*~*~tactically~*~*~ (stealth).
  1305 | D:2      | Reached XP level 4. HP: 21/28 MP: 4/4
  1476 | D:2      | Reached skill level 4 in Axes
  2035 | D:2      | 2035 ||| UPGRADING to +0 cloak.
  2040 | D:2      | 2040 ||| UPGRADING to +0 pair of boots.
  2045 | D:2      | 2045 ||| UPGRADING to ring of willpower.
  2046 | D:2      | 2046 ||| READING 2 scrolls labelled FASTUTR QEDUFO.
  2047 | D:2      | 2047 ||| READING 2 scrolls labelled TUARIUXIOV.
  2048 | D:2      | 2048 ||| READING scroll labelled AFAOCVE FAET.
  2052 | D:2      | 2052 ||| DROPPING scroll of butterflies.
  2053 | D:2      | 2053 ||| DROPPING scroll of vulnerability.
  2082 | D:3      | 2082 ||| STAIRDANCE
  2134 | D:3      | 2134 ||| STAIRDANCE
  2245 | D:3      | Reached XP level 5. HP: 32/32 MP: 5/5
  2308 | D:3      | Noticed Ijyb
  2322 | D:3      | Killed Ijyb
  2525 | D:3      | Reached skill level 5 in Axes
  2831 | D:3      | Reached XP level 6. HP: 38/38 MP: 6/6
  2831 | D:3      | 2831 ||| DROPPING +0 club.
  2957 | D:3      | Reached skill level 1 in Dodging
  3242 | D:3      | 3242 ||| DROPPING ring of flight.
  3243 | D:3      | 3243 ||| READING 2 scrolls labelled URARCH BOROMAR.
  3244 | D:3      | 3244 ||| READING scroll of enchant armour.
  3244 | D:3      | 3244 ||| ENCHANTING +0 pair of boots.
  3249 | D:4      | 3249 ||| PLANNING OSSUARY
  3367 | D:4      | 3367 ||| Stepping ~*~*~tactically~*~*~ (stealth).
  3552 | D:4      | Found a staircase to the Ecumenical Temple.
  3664 | D:4      | 3664 ||| Stepping ~*~*~tactically~*~*~ (stealth).
  3788 | D:4      | Found a sand-covered staircase.
  3789 | D:4      | 3789 ||| READING scroll labelled OGUYSI DODGHANE.
  3798 | Ossuary  | Entered an ossuary
  3847 | Ossuary  | Reached skill level 6 in Axes
  3862 | Ossuary  | Reached XP level 7. HP: 33/43 MP: 7/7
  4590 | Ossuary  | Reached skill level 7 in Axes
  4820 | Ossuary  | 4820 ||| READING 3 scrolls labelled SAARGHA ZOSA.
  4821 | Ossuary  | 4821 ||| READING 2 scrolls labelled OTILUPS LIPS.
  4922 | Ossuary  | 4922 ||| DRINKING 2 coppery potions.
  4923 | Ossuary  | 4923 ||| DRINKING 2 brown potions.
  4924 | Ossuary  | 4924 ||| DRINKING 3 dark potions.
  4925 | Ossuary  | 4925 ||| DRINKING 5 golden potions.
  4926 | Ossuary  | 4926 ||| READING 2 scrolls of identify.
  4926 | Ossuary  | 4926 ||| IDENTIFYING fuming silvery potion
  4927 | Ossuary  | 4927 ||| DROPPING potion of brilliance.
  4928 | Ossuary  | 4928 ||| DROPPING potion of degeneration.
  4929 | Ossuary  | 4929 ||| DROPPING scroll of silence.
  4948 | D:4      | 4948 ||| PLANNING TEMPLE
  4971 | D:4      | 4971 ||| FLEEEEING.
  4972 | D:4      | 4972 ||| FLEEEEING.
  4973 | D:4      | 4973 ||| FLEEEEING.
  4983 | D:4      | 4983 ||| FLEEEEING.
  4984 | D:4      | 4984 ||| FLEEEEING.
  4990 | D:4      | 4990 ||| STAIRDANCE
  4995 | D:4      | 4995 ||| FLEEEEING.
  4996 | D:4      | 4996 ||| STAIRDANCE
  5007 | D:4      | 5007 ||| Stepping ~*~*~tactically~*~*~ (hiding).
  5067 | D:4      | 5067 ||| FLEEEEING.
  5068 | D:4      | 5068 ||| FLEEEEING.
  5069 | D:4      | 5069 ||| FLEEEEING.
  5070 | D:4      | 5070 ||| FLEEEEING.
  5071 | D:4      | 5071 ||| FLEEEEING.
  5072 | D:4      | 5072 ||| STAIRDANCE
  5076 | D:4      | 5076 ||| STAIRDANCE
  5080 | D:4      | 5080 ||| STAIRDANCE
  5084 | D:4      | 5084 ||| STAIRDANCE
  5088 | D:4      | 5088 ||| STAIRDANCE
  5092 | D:4      | 5092 ||| STAIRDANCE
  5096 | D:4      | 5096 ||| STAIRDANCE
  5100 | D:4      | 5100 ||| STAIRDANCE
  5110 | D:4      | 5110 ||| STAIRDANCE
  5114 | D:4      | 5114 ||| STAIRDANCE
  5118 | D:4      | 5118 ||| STAIRDANCE
  5122 | D:4      | 5122 ||| STAIRDANCE
  5126 | D:4      | 5126 ||| STAIRDANCE
  5130 | D:4      | 5130 ||| STAIRDANCE
  5134 | D:4      | 5134 ||| STAIRDANCE
  5138 | D:4      | 5138 ||| STAIRDANCE
  5145 | D:4      | 5145 ||| STAIRDANCE
  5196 | Temple   | Entered the Ecumenical Temple
  5213 | Temple   | 5213 ||| PLANNING OKAWARU WORSHIP
  5244 | Temple   | Became a worshipper of Warmaster Okawaru
  5245 | Temple   | 5245 ||| PLANNING D:1-11
  5306 | D:4      | Reached XP level 8. HP: 49/49 MP: 8/8
  5369 | D:4      | Noticed Sigmund
  5370 | D:4      | 5370 ||| Stepping ~*~*~tactically~*~*~ (hiding).
  5376 | D:4      | Killed Sigmund
  5477 | D:4      | 5477 ||| DROPPING +0 mace.
  5602 | D:4      | 5602 ||| READING scroll labelled BAYSEGU NIUPE.
  5633 | D:5      | Entered Level 5 of the Dungeon
  5661 | D:5      | Reached skill level 8 in Axes
  5696 | D:5      | Found a burning altar of Makhleb.
  5835 | D:5      | Reached skill level 6 in Fighting
  5839 | D:5      | 5839 ||| Stepping ~*~*~tactically~*~*~ (water).
  5923 | D:5      | Found a runed translucent door.
  5924 | D:5      | Noticed Crazy Yiuf
  6009 | D:5      | Noticed Edmund
  6022 | D:5      | HP: 11/51 [Edmund/+4 vorpal dire flail (2)]
  6023 | D:5      | 6023 ||| READING scroll of teleportation.
  6023 | D:5      | HP: 4/51 [Edmund/+4 vorpal dire flail (2)]
  6025 | D:5      | Killed Edmund
  6336 | D:5      | 6336 ||| Stepping ~*~*~tactically~*~*~ (hiding).
  6337 | D:5      | Noticed Blork the orc
  6351 | D:5      | Killed Blork the orc
  6351 | D:5      | Reached * piety under Okawaru
  6588 | D:5      | 6588 ||| DROPPING +0 whip of flaming.
  6589 | D:5      | Noticed Prince Ribbit
  6590 | D:5      | 6590 ||| INVOKING Heroism.
  6618 | D:5      | HP: 6/51 [Prince Ribbit (11)]
  6620 | D:5      | Mangled by Prince Ribbit

Levels and vault maps discovered:
D:1:      wheals_arrival_shading, layout_rooms,
          dreamdust_ecumenical_altar_drowned_temple
D:2:      layout_loops_ring, kennysheep_generic_room_8
D:3:      layout_basic, palyth_stone_intersect, goddamned_bats, uniq_ijyb
D:4:      layout_loops_cross, temple_fountains, enter_ossuary_3, uniq_sigmund
D:5:      layout_basic, nicolae_overflow_hidden_temple, chequers_big_river,
          uniq_blork_the_orc, uniq_crazy_yiuf_cottage, uniq_prince_ribbit1,
          uniq_edmund
Temple:   nicolae_temple_ecumenical_triangle

Skill      XL: |  1  2  3  4  5  6  7  8 |
---------------+-------------------------+-----
Axes           | 2 3 4 5 6 7 8 |  8.8
Fighting       | 4 5 6 |  6.0
Dodging        | 1 |  1.0
Armour         | |  3.2
Shields        | |  3.2

Action                   |  1- 3 |  4- 6 |  7- 9 || total
-------------------------+-------+-------+-------++-------
Melee: War axe           |    78 |       |       ||    78
       Broad axe         |    40 |   196 |   216 ||   452
Invok: Heroism           |       |       |     1 ||     1
  Use: Scroll            |     3 |     6 |     5 ||    14
       Potion            |     1 |       |     4 ||     5
Armor: Scale mail        |    67 |   154 |   118 ||   339
Dodge: Dodged            |    58 |   116 |    78 ||   252
Block: Buckler           |    16 |    42 |    30 ||    88

Table legend:
 A = Non-vault XP
 B = Vault XP
 C = Vault XP percentage of total XP
 D = Non-vault monster count
 E = Vault monster count
 F = Vault count percentage of total count
                 A         B        C        D         E       F
            +---------+---------+-------+---------+---------+-------
      Total |     899 |    1193 |  57.0 |      87 |      63 |  42.0
            +---------+---------+-------+---------+---------+-------
        D:1 |      44 |       1 |   2.2 |      24 |       1 |   4.0
        D:2 |      94 |       4 |   4.1 |      30 |       1 |   3.2
        D:3 |      53 |     213 |  80.1 |      10 |      21 |  67.7
        D:4 |     327 |     214 |  39.6 |      13 |       1 |   7.1
        D:5 |     381 |     264 |  40.9 |      10 |       2 |  16.7
    Ossuary |       0 |     497 | 100.0 |       0 |      37 | 100.0
            +---------+---------+-------+---------+---------+-------
